 Dungeon Crawl Stone Soup version 0.24-a0-619-gb7544fd237 (webtiles) character file.

Game seed: 17130280479264426527, levelgen mode: deterministic

5161 Jorund the Martial Artist (level 10, -2/63 HPs)
             Began as an Octopode Transmuter on Sept 17, 2019.
             Was an Elder of Ru.
             Slain by a killer bee (6 damage)
             ... on level 9 of the Dungeon.
             The game lasted 00:31:02 (12641 turns).

Jorund the Martial Artist (Octopode Transmuter)    Turns: 12641, Time: 00:31:03

Health: -2/63      AC:  4    Str: 12    XL:     10   Next: 59%
Magic:  20/21      EV: 11    Int: 22    God:    Ru [****..]
Gold:   493        SH:  5    Dex: 17    Spells: 9/24 levels left

rFire    + . .     SeeInvis .     - Unarmed
rCold    . . .     Gourm    .   w - +1 buckler
rNeg     . . .     Faith    .   (helmet restricted)
rPois    .         Spirit   .   (no amulet)
rElec    .         Reflect  .   e - ring of protection from fire
rCorr    +         Harm     .   h - ring of flight
MR       .....                  k - ring of resist corrosion
Stlth    ++++......             r - +1 ring of protection
HPRegen  0.20/turn              s - +3 ring of dexterity
MPRegen  0.17/turn              L - +3 ring of intelligence
                                f - +2 ring of intelligence
                                (no ring)

@: lethally poisoned (-2 -> -13), about to teleport, appendage, no potions
A: almost no armour, stealthy swim, amphibious, 8 rings, constrict 8, tentacle
spike 3, iridescent scales 1, camouflage 1, strong 1, wild magic 1, gelatinous
body 1, inability to drink while threatened, inability to train dodging
a: End Transformation, Draw Out Power, Power Leap, Renounce Religion, Evoke
Flight


You were on level 9 of the Dungeon.
You worshipped Ru.
Ru was greatly pleased with you.
You were not hungry.
One of your tentacles had a temporary spike.
You visited 1 branch of the dungeon, and saw 10 of its levels.

You collected 493 gold pieces.

Inventory:

Hand Weapons
 x - the +4 war axe of Nih Unuptuch {pain, -Tele rN+ Int+4, unknown}
   (You found it on level 6 of the Dungeon)

   In the hands of one skilled in necromantic magic, it inflicts extra damage on
   living creatures.
   It affects your intelligence (+4).
   It protects you from negative energy.
   It prevents most forms of teleportation.
Missiles
 a - 180 arrows
 A - 26 poisoned darts (quivered)
 B - 8 javelins
Armour
 w - a +1 buckler (worn)
Magical Staves
 c - an uncursed staff of summoning {unknown}
 q - an uncursed staff of fire {unknown}
Jewellery
 e - a ring of protection from fire (left tentacle)
 f - a +2 ring of intelligence (on tentacle)
 h - a ring of flight (right tentacle)
 k - a ring of resist corrosion (on tentacle)
 r - a +1 ring of protection (on tentacle)
 s - a +3 ring of dexterity (on tentacle)
 J - an uncursed ring of fire
 L - a +3 ring of intelligence (on tentacle)
Wands
 d - a wand of random effects (19)
 t - a wand of acid (6)
 y - a wand of paralysis (9)
Scrolls
 g - 6 scrolls of teleportation
 o - 2 scrolls of magic mapping
 z - a scroll of amnesia
 F - a scroll of remove curse
 G - a scroll of enchant armour
Potions
 b - a potion of ambrosia {unknown}
 i - 2 potions of cancellation
 j - a potion of might
 l - 4 potions of curing
 m - 2 potions of haste
 n - a potion of invisibility
 p - a potion of brilliance {unknown}
 u - 3 potions of flight
 v - a potion of lignification
 C - a potion of magic
Comestibles
 D - 4 chunks of flesh
 H - 3 rations


   Skills:
 + Level 3.3 Fighting
 - Level 4.3 Stealth
 * Level 1.6 Shields
 + Level 10.3 Unarmed Combat
 * Level 7.5 Spellcasting
 * Level 7.3 Transmutations
 - Level 0.2 Poison Magic


You had 9 spell levels left.
You knew the following spells:

 Your Spells              Type           Power        Failure   Level  Hunger
a - Beastly Appendage     Tmut           ######       1%          1    None
b - Sticks to Snakes      Tmut           ######..     1%          2    None
c - Spider Form           Tmut/Pois      ####......   11%         3    None
d - Blade Hands           Tmut           ######....   21%         5    #####..
e - Ice Form              Ice/Tmut       ####....     32%         4    ###....

Your spell library contained the following spells:

 Spells                   Type           Power        Failure   Level  Hunger
 Sting                    Conj/Pois      ##..         16%         1    None
 Poisonous Vapours        Pois/Air       ##....       22%         2    None
 Mephitic Cloud           Conj/Pois/Air  ##......     38%         3    None
 Olgreb's Toxic Radiance  Pois           ##......     75%         4    ###....
 Venom Bolt               Conj/Pois      ##........   98%         5    #####..


Dungeon Overview and Level Annotations

Branches:
Dungeon (10/15)            Temple (0/1) D:6
   Lair: D:8-11         Orc: D:9-12

Altars:
Ashenzari
Cheibriados
Elyvilon
Gozag
Hepliaklqana
Makhleb
Ru
Sif Muna
Vehumet
Wu Jian
Xom
Yredelemnul
Zin

Annotations:
D:7 exclusion: 2 ice beasts


Innate Abilities, Weirdness & Mutations

You cannot wear most types of armour.
You are very stealthy in the water. (Stealth+)
You are amphibious.
You can wear up to eight rings at the same time.
You can use your tentacles to constrict eight enemies at once.
Your skin changes colour to match your surroundings (Stealth+).
Your rubbery body absorbs attacks. (AC +1, EV +1)
You cannot drink potions while threatened.
You cannot train Dodging skill.
One of your tentacles bears a large vicious spike.
You are partially covered in iridescent scales. (AC +2)
Your muscles are strong. (Str +2)
Your spells are a little harder to cast, but a little more powerful.


Message History

Your grab misses the killer bee.
You tentacle-slap the killer bee, but do no damage.
You feel sick. The killer bee closely misses you.
You block the killer bee's attack. The killer bee stings you.
The killer bee misses you. The killer bee stings you!
* * * LOW HITPOINT WARNING * * *
You are lethally poisoned!
The killer bee poisons you! The killer bee barely misses you.
Unknown command.
As you read the scroll of teleportation, it crumbles to dust.
You feel strangely unstable.
* * * LOW HITPOINT WARNING * * *
You feel sick. The killer bee stings you.
* * * LOW HITPOINT WARNING * * *
The killer bee stings you.
* * * LOW HITPOINT WARNING * * *
You focus your will and blind the killer bee in retribution!
The killer bee misses you. The killer bee closely misses you. x2
The killer bee stings you.
You die...

#............####.......
#....................###
#....................#..
#...........##'#######..
#...........#...........
#...........#...........
#...........#...........
#.#####yy...#...........
#.# #@[...'...........
#.# #y....#.......##..
#.# #.....#.......##..
#.#####.....##########..
#...........#.......##..
#...........#...........
#...........#...........
#.....#####.#...........
#.....# #.'...........


You could see 3 killer bees.

Vanquished Creatures
  A hornet (D:8)
  2 hippogriffs (D:8)
  A spriggan (D:8)
  6 yaks
  A hungry ghost (D:7)
  A water moccasin (D:7)
  4 orc warriors
  A sky beast (D:6)
  A phantom (D:8)
  4 ogres
  5 centaurs
  A big kobold (D:8)
  2 bullfrogs
  2 scorpions
  2 jellies
  5 wights (D:7)
  4 killer bees
  An electric eel (D:7)
  A howler monkey (D:6)
  5 crimson imps
  3 centaur skeletons
  5 orc priests
  3 hounds (D:6)
  3 bullfrog skeletons
  A gnoll shaman (D:6)
  5 orc wizards
  Jessica (D:2)
  2 iguanas (D:9)
  7 worker ants
  A killer bee zombie (D:6)
  2 hound zombies
  2 worker ant zombies (D:9)
  3 gnolls (D:6)
  6 adders
  3 shadow imps
  An ooze (D:3)
  An adder zombie (D:6)
  3 adder skeletons
  6 worms
  4 dart slugs
  4 leopard geckos
  21 orcs
  5 giant cockroaches
  2 gnoll zombies (D:4)
  5 goblins
  10 hobgoblins
  12 kobolds
  5 quokkas
  A ball python (D:5)
  10 bats
  3 frilled lizards
  A quokka zombie (D:6)
  17 rats
208 creatures vanquished.

Notes
Turn   | Place    | Note
-------+----------+-------------------------------------------
     0 | D:1      | Jorund the Octopode Transmuter began the quest for the Orb.
     0 | D:1      | Reached XP level 1. HP: 13/13 MP: 3/3
   217 | D:1      | Reached XP level 2. HP: 10/18 MP: 3/5
   482 | D:1      | Reached XP level 3. HP: 22/23 MP: 4/6
   508 | D:1      | Reached skill level 1 in Stealth
  1204 | D:2      | Learned a level 2 spell: Sticks to Snakes
  1321 | D:2      | HP: 1/23 [orc/+0 flail (12)]
  1338 | D:2      | Reached skill level 4 in Unarmed Combat
  1338 | D:2      | Reached XP level 4. HP: 13/28 MP: 7/7
  1507 | D:2      | Noticed Jessica
  1515 | D:2      | Killed Jessica
  1999 | D:3      | Reached XP level 5. HP: 20/33 MP: 7/9
  2297 | D:3      | HP: 2/49 [poisoned by a worker ant]
  2305 | D:3      | HP: 1/49 [poisoned by a worker ant]
  3042 | D:3      | Found a shimmering blue altar of Sif Muna.
  3161 | D:4      | Noticed an ice beast
  3275 | D:4      | Reached XP level 6. HP: 20/38 MP: 8/10
  3498 | D:4      | Reached skill level 5 in Unarmed Combat
  3895 | D:4      | Found an opulent altar of Gozag.
  4020 | D:4      | Found an ornate altar of the Wu Jian Council.
  4118 | D:4      | Found a basalt altar of Yredelemnul.
  4160 | D:5      | Entered Level 5 of the Dungeon
  4447 | D:5      | Learned a level 3 spell: Spider Form
  4847 | D:5      | Reached XP level 7. HP: 20/43 MP: 10/12
  5148 | D:5      | Found a radiant altar of Vehumet.
  5594 | D:6      | Reached skill level 6 in Unarmed Combat
  5816 | D:6      | Found a burning altar of Makhleb.
  5875 | D:6      | Got a scorched war axe
  5899 | D:6      | Found a shimmering altar of Xom.
  5908 | D:6      | Found a glowing silver altar of Zin.
  5908 | D:6      | Found a sacrificial altar of Ru.
  5912 | D:6      | Found a white marble altar of Elyvilon.
  5966 | D:6      | Became a worshipper of Ru the Awakened
  6100 | D:6      | Reached XP level 8. HP: 29/50 MP: 7/14
  6368 | D:6      | Gained mutation: You are resistant to hostile enchantments.
                  | (MR+) [potion of mutation]
  6368 | D:6      | Gained mutation: You have a pair of small antennae on your
                  | head. [potion of mutation]
  6368 | D:6      | Gained mutation: You evolve. [potion of mutation]
  6369 | D:6      | Lost mutation: You evolve. [potion of mutation]
  6369 | D:6      | Lost mutation: You have a pair of small antennae on your
                  | head. [potion of mutation]
  6369 | D:6      | Lost mutation: You are resistant to hostile enchantments.
                  | (MR+) [potion of mutation]
  6369 | D:6      | Gained mutation: You are partially covered in iridescent
                  | scales. (AC +2) [potion of mutation]
  6369 | D:6      | Gained mutation: Your muscles are strong. (Str +2) [potion
                  | of mutation]
  6369 | D:6      | Gained mutation: Your spells are a little harder to cast,
                  | but a little more powerful. [potion of mutation]
  6939 | D:6      | Reached skill level 7 in Unarmed Combat
  6939 | D:6      | Reached skill level 5 in Spellcasting
  7073 | D:6      | Found a staircase to the Ecumenical Temple.
  7147 | D:7      | Found a snail-covered altar of Cheibriados.
  7184 | D:7      | Reached skill level 5 in Transmutations
  7473 | D:7      | Found a shattered altar of Ashenzari.
  7519 | D:7      | Reached XP level 9. HP: 39/55 MP: 15/17
  8288 | D:7      | Gained mutation: You cannot drink potions while threatened.
                  | [Ru sacrifice]
  8288 | D:7      | Reached * piety under Ru
  8371 | D:7      | Reached skill level 8 in Unarmed Combat
  8786 | D:8      | Found a hazy altar of Hepliaklqana.
  9106 | D:8      | Reached skill level 9 in Unarmed Combat
  9135 | D:8      | Noticed a hornet
  9143 | D:8      | Killed a hornet
  9540 | D:9      | Reached XP level 10. HP: 62/62 MP: 17/20
 10431 | D:9      | Gained mutation: You cannot train Dodging skill. [Ru
                  | sacrifice]
 10431 | D:9      | Reached ** piety under Ru
 10431 | D:9      | Reached *** piety under Ru
 10431 | D:9      | Reached **** piety under Ru
 11183 | D:9      | Learned a level 5 spell: Blade Hands
 11188 | D:9      | Learned a level 4 spell: Ice Form
 11235 | D:10     | Entered Level 10 of the Dungeon
 11924 | D:10     | Reached skill level 10 in Unarmed Combat
 12405 | D:10     | Reached skill level 1 in Shields
 12641 | D:9      | Slain by a killer bee

Levels and vault maps discovered:
D:1:      erik_arrival_orb_chamber, layout_loops_ring, minmay_misc_feat_tiny
D:2:      layout_basic, uniq_jessica
D:3:      layout_loops_cross, lemuel_doored_altar, uniq_crazy_yiuf_cottage
D:4:      layout_loops_ring, kennysheep_mini_moat, marbit_many_paths,
          lemuel_zombie_altar_yredelemnul, first_ration
D:5:      layout_loops_ring, nicolae_overflow_crystal_walls, serial_glass,
          glass_columns_b, glass_columns_c, glass_columns_a, glass_columns_a,
          glass_columns_a, glass_columns_c, item_on_display_a,
          minmay_strange_pillars, minmay_between
D:6:      layout_rooms, lemuel_round_altar, minitemple, temple_hall
D:7:      layout_loops_corners, lemuel_crystal_altar, old_standard_altar,
          serial_bayou, serial_bayou_pond_e, serial_bayou_ford_a,
          serial_bayou_pond_a, serial_bayou_shore_b, serial_bayou_shore_a
D:8:      layout_loops_ring, lemuel_crystal_altar, grunt_pizzeria
D:9:      layout_stronghold
D:10:     layout_stronghold, minmay_shattered_shrine

Skill      XL: |  1  2  3  4  5  6  7  8  9 10 |
---------------+-------------------------------+-----
Stealth        | 2 3 4 |  4.3
Unarmed Combat | 4 5 6 7 9 10 | 10.3
Spellcasting   | 3 4 5 6 7 |  7.5
Transmutations | 3 4 5 6 7 |  7.3
Fighting       | 2 3 |  3.3
Dodging        | 0 |  0.0
Shields        | 1 |  1.6
Poison Magic   | |  0.2

Action                   |  1- 3 |  4- 6 |  7- 9 | 10-12 || total
-------------------------+-------+-------+-------+-------++-------
Melee: Unarmed           |    85 |   145 |   246 |   120 ||   596
       Constrict         |    19 |    36 |    30 |     8 ||    93
       Kick              |    17 |    18 |    28 |     3 ||    66
       Tentacles         |    10 |    27 |    29 |     3 ||    69
       Punch             |       |     2 |     8 |     9 ||    19
Throw: Boomerang         |       |     4 |       |       ||     4
       Dart              |       |       |     1 |     1 ||     2
 Cast: Beastly Appendage |    11 |    18 |    17 |     3 ||    49
       Sticks to Snakes  |       |       |     3 |       ||     3
       Spider Form       |       |       |    16 |    10 ||    26
Invok: Sacrifice Drink   |       |       |     1 |       ||     1
       Sacrifice Nimblen |       |       |       |     1 ||     1
Evoke: Wand              |       |       |    17 |     1 ||    18
  Use: Potion            |     1 |     2 |     6 |     3 ||    12
       Scroll            |       |     6 |     9 |     6 ||    21
 Stab: Sleeping          |     8 |    16 |    14 |     1 ||    39
       Distracted        |       |       |     2 |     2 ||     4
       Paralysed         |       |       |       |     1 ||     1
  Eat: Chunk             |     1 |     8 |    10 |     7 ||    26
       Ration            |       |     1 |     2 |     1 ||     4
Armor: Skin              |     3 |    18 |    20 |     9 ||    50
Dodge: Dodged            |    53 |    74 |   150 |    91 ||   368
Block: Buckler           |       |       |       |     6 ||     6

Table legend:
 A = Non-vault XP
 B = Vault XP
 C = Vault XP percentage of total XP
 D = Non-vault monster count
 E = Vault monster count
 F = Vault count percentage of total count
                 A         B        C        D         E       F
            +---------+---------+-------+---------+---------+-------
      Total |    7038 |     335 |   4.5 |     188 |      20 |   9.6
            +---------+---------+-------+---------+---------+-------
        D:1 |      47 |      12 |  20.3 |      24 |      12 |  33.3
        D:2 |      62 |      37 |  37.4 |      10 |       1 |   9.1
        D:3 |      87 |       0 |   0.0 |      25 |       0 |   0.0
        D:4 |     149 |       4 |   2.6 |       9 |       2 |  18.2
        D:5 |     399 |      58 |  12.7 |      14 |       4 |  22.2
        D:6 |    1172 |       0 |   0.0 |      24 |       0 |   0.0
        D:7 |     991 |       0 |   0.0 |      16 |       0 |   0.0
        D:8 |    1252 |     224 |  15.2 |      21 |       1 |   4.5
        D:9 |    1624 |       0 |   0.0 |      32 |       0 |   0.0
       D:10 |    1255 |       0 |   0.0 |      13 |       0 |   0.0
            +---------+---------+-------+---------+---------+-------
